 Seeded DCSS version 0.29.1-2-gbd0b4ee654 (webtiles) character file.

Game seed: 20221024 (custom seed)

338 Nerdsrcool the Cudgeller (level 6, -6/51 HPs)
             Began as a Minotaur Gladiator on Oct 24, 2022.
             Mangled by an iguana (9 damage)
             ... on level 4 of the Dungeon.
             The game lasted 00:28:10 (3422 turns).

Nerdsrcool the Cudgeller (Minotaur Gladiator)       Turns: 3422, Time: 00:28:11

Health: -6/51      AC: 11    Str: 20    XL:     6   Next: 29%
Magic:  14/14      EV: 13    Int: 10    God:
Gold:   1022       SH:  0    Dex: 12    Spells: 5/5 levels left

rFire   . . .      SeeInvis .   m - +0 morningstar (protect)
rCold   + + .      Faith    +   o - orb {light}
rNeg    . . .      Spirit   .   C - +1 leather armour of the Evil One {rC+ Int+5}
rPois   .          Reflect  .   c - +0 hat
rElec   +          Harm     .   (no cloak)
rCorr   .          Rampage  .   (no gloves)
Will    .....                   (no boots)
Stlth   +.........              r - amulet of faith
HPRegen 0.17/turn               x - ring "Wuturugh" {rElec rC+ MP+9 Slay+2}
MPRegen 0.14/turn               (no ring)

@: under a protective aura, glowing
A: horns 2, retaliatory headbutt
a: no special abilities


You were on level 4 of the Dungeon.
You visited 1 branch of the dungeon, and saw 4 of its levels.

You collected 1378 gold pieces.
You spent 356 gold pieces at shops.

Inventory:

Hand Weapons
 a - a +0 flail
 l - a +0 dagger of venom
 m - a +0 morningstar of protection (weapon)
Missiles
 d - 3 throwing nets
 e - a javelin
 h - 12 poisoned darts
 i - 9 boomerangs (quivered)
Armour
 b - a +2 leather armour
 c - a +0 hat (worn)
 o - an orb of light (worn)
 C - the +1 leather armour of the Evil One (worn) {rC+ Int+5}
   (You found it on level 4 of the Dungeon)

   Int:       It affects your intelligence (+5).
   rC:        It protects you from cold.
Magical Staves
 u - a staff of conjuration
Jewellery
 p - an amulet of magic regeneration
 r - an amulet of faith (around neck)
 x - the ring "Wuturugh" (left hand) {rElec rC+ MP+9 Slay+2}
   (You acquired it on level 3 of the Dungeon)

   [ring of magical power]

   Slay:      It affects your accuracy & damage with ranged weapons and melee
   (+2).
   rC:        It protects you from cold.
   rElec:     It insulates you from electricity.
   MP:        It affects your magic capacity (+9).
Wands
 s - a wand of light (7)
 v - a wand of flame (15)
 E - a wand of roots (2)
Scrolls
 f - 2 scrolls of noise
 q - a scroll of torment
 y - a scroll of magic mapping
 A - 2 scrolls of amnesia
 D - a scroll of vulnerability
Potions
 g - 4 potions of curing
 j - a potion of invisibility
 k - a potion of attraction {unknown}
 n - a potion of ambrosia {unknown}
 t - 2 potions of mutation {unknown}
 w - a potion of haste {unknown}
 z - a potion of flight {unknown}
 F - a potion of lignification {unknown}


   Skills:
 + Level 3.4 Fighting
 + Level 5.7 Maces & Flails
 + Level 2.3 Throwing
 + Level 3.6 Armour
 + Level 4.6 Dodging
 + Level 1.0 Stealth
 + Level 0.1 Evocations


You had 5 spell levels left.
You didn't know any spells.
Your spell library was empty.

Dungeon Overview and Level Annotations

Branches:
Dungeon (4/15)
 Temple: D:4-7

Altars:
Dithmenos
Gozag
Yredelemnul

Shops:
D:3 *

Annotations:
D:4 Arctor's ghost, amateur DsGl


Innate Abilities, Weirdness & Mutations

You have a pair of horns on your head.
You reflexively headbutt those who attack you in melee.


Message History

Arctor's ghost is moderately damaged.
The iguana barely misses you. Arctor's ghost misses you.
You furiously retaliate!
You headbutt Arctor's ghost! The quokka barely misses you.
Aiming: Throw Flame
Press: ? - help, Q - select action, (/) - cycle Shift-Dir - straight line, f/p - Arctor's ghost
Aim: Arctor's ghost, wielding a weapon of electrocution (moderately damaged, haloed, 93% to hit)
The puff of flame hits Arctor's ghost.
Arctor's ghost is heavily damaged.
The iguana barely misses you.
Arctor's ghost hits you but does no damage.
The quokka misses you.
Aiming: Throw Flame
Press: ? - help, Q - select action, (/) - cycle Shift-Dir - straight line, f/p - Arctor's ghost
Aim: Arctor's ghost, wielding a weapon of electrocution (heavily damaged, haloed, 93% to hit)
The puff of flame hits Arctor's ghost but does no damage.
Arctor's ghost is heavily damaged.
The quokka bites you but does no damage.
Arctor's ghost hits you. The iguana bites you.
You feel better. The quokka misses you. Arctor's ghost hits you.
The iguana bites you!
* * * LOW HITPOINT WARNING * * *
The quokka closely misses you.
You hit Arctor's ghost but do no damage.
Your weapon exudes an aura of protection.
You headbutt Arctor's ghost, but do no damage.
Arctor's ghost is heavily damaged.
The iguana misses you. You furiously retaliate!
You headbutt the iguana!
Arctor's ghost hits you but does no damage.
The quokka closely misses you.
You feel better. The iguana bites you!
* * * LOW HITPOINT WARNING * * *
Arctor's ghost hits you but does no damage.
The quokka bites you but does no damage.
You puncture Arctor's ghost! You headbutt Arctor's ghost!
Arctor's ghost is almost destroyed.
The iguana barely misses you. Arctor's ghost hits you.
* * * LOW HITPOINT WARNING * * *
The quokka closely misses you. The iguana bites you!
You die...

#...##.###########...
####.....### #...#
#..........# #..##
#.......###########..##
#......##∩8.##.........
#......#...$∩###...#.#.
#......'..$$8####....##
####..lW._8.∩#.........
##.@r...$8#.........
#..#...=.#...#.....
#..##.8.##.........
#####...######.........
#...........##.#.......
#.........#....#.......
#......##.###..........
####.####.###..........
####[..................


You could see an iguana, Arctor's ghost and a quokka.

Vanquished Creatures
  A steam dragon (D:4)
  A scorpion (D:4)
  Ijyb (D:3)
  An iguana (D:4)
  3 adders
  A worm (D:3)
  An orc (D:3)
  5 bats
  3 endoplasms
  12 giant cockroaches
  6 goblins
  6 hobgoblins
  7 kobolds
  2 quokkas
  9 ball pythons
  A frilled lizard (D:1)
  5 rats
65 creatures vanquished.

Notes
Turn   | Place    | Note
-------+----------+-------------------------------------------
     0 | D:1      | Nerdsrcool the Minotaur Gladiator began the quest for the
                  | Orb.
     0 | D:1      | Reached XP level 1. HP: 18/18 MP: 0/0
   121 | D:1      | Reached XP level 2. HP: 21/25 MP: 1/1
   290 | D:1      | Reached skill level 4 in Maces & Flails
   844 | D:2      | Reached XP level 3. HP: 28/30 MP: 2/2
  1083 | D:2      | Found a faded altar of an unknown god.
  1136 | D:2      | Found a basalt altar of Yredelemnul.
  1291 | D:2      | Identified 2 scrolls of acquirement
  1291 | D:2      | Acquired 1146 gold pieces
  1427 | D:2      | Reached skill level 1 in Armour
  1941 | D:3      | Acquired a +0 morningstar of protection
  1975 | D:3      | Found Eromahec's Assorted Antiques.
  1997 | D:3      | Bought a scroll of enchant armour for 232 gold pieces
  2135 | D:3      | Found a shadowy altar of Dithmenos.
  2394 | D:3      | Reached XP level 4. HP: 33/37 MP: 3/3
  2559 | D:3      | Noticed Ijyb
  2564 | D:3      | Killed Ijyb
  2576 | D:3      | Acquired the ring "Wuturugh" {rElec rC+ MP+9 Slay+2}
  2888 | D:3      | Bought a scroll of identify for 62 gold pieces
  2888 | D:3      | Bought 2 scrolls labelled OJIAGO US BOYRE for 62 gold
                  | pieces
  3115 | D:4      | Identified the +1 leather armour of the Evil One {rC+
                  | Int+5}
  3128 | D:4      | Reached skill level 5 in Maces & Flails
  3163 | D:4      | Found a runed translucent gate.
  3164 | D:4      | Found a runed translucent gate.
  3164 | D:4      | Found an opulent altar of Gozag.
  3166 | D:4      | Found a runed translucent gate.
  3167 | D:4      | Noticed Arctor's ghost (amateur DsGl)
  3168 | D:4      | Noticed a steam dragon
  3209 | D:4      | Noticed a scorpion
  3213 | D:4      | Killed a scorpion
  3214 | D:4      | Reached XP level 5. HP: 45/45 MP: 4/4
  3415 | D:4      | Killed a steam dragon
  3416 | D:4      | Reached skill level 1 in Stealth
  3416 | D:4      | Reached XP level 6. HP: 22/51 MP: 5/5
  3422 | D:4      | Mangled by an iguana

Illustrated notes

Levels and vault maps discovered:
D:1:      psy_arrival_whirlpool, layout_rooms, minmay_pentomino_v4
D:2:      minmay_roachtagon, layout_loops_cross, basic_altar,
          hellmonk_ecumenical_altar_inner_sanctum
D:3:      layout_basic, nicolae_dithmenos_shadow_blocks, serial_shops,
          shop_coins, minmay_misc_feat_plants, minmay_misc_feat_ornament,
          uniq_ijyb
D:4:      layout_rooms, ebering_ghost_gozag

Skill      XL: |  1  2  3  4  5 |
---------------+----------------+-----
Maces & Flails | 4 5 |  5.7
Armour         | 1 2 3 |  3.6
Dodging        | 4 |  4.6
Fighting       | 3 |  3.4
Stealth        | 1 |  1.0
Throwing       | |  2.3
Evocations     | |  0.1

Action                   |  1- 3 |  4- 6 || total
-------------------------+-------+-------++-------
Melee: Flail             |    62 |       ||    62
       Headbutt          |    15 |     8 ||    23
       Morningstar       |     9 |    26 ||    35
Throw: Boomerang         |       |     3 ||     3
Evoke: Wand              |       |     4 ||     4
  Use: Scroll            |    13 |     2 ||    15
       Potion            |     2 |     3 ||     5
Armor: Leather armour    |    19 |    14 ||    33
Dodge: Dodged            |    38 |    38 ||    76
